 Dungeon Crawl Stone Soup version 0.31-a0-43-g46d131a48f (webtiles) character file.

Game seed: 7987895641445374709

99 senseless the Shooter (level 4, -5/27 HPs)
             Began as a Deep Elf Hunter on May 19, 2023.
             Was a Believer of Qazlal.
             Shot with an arrow by a centaur (13 damage)
             ... on level 3 of the Dungeon.
             The game lasted 00:07:07 (1744 turns).

senseless the Shooter (Deep Elf Hunter)             Turns: 1744, Time: 00:07:08

Health: -5/27      AC:  4    Str:  8    XL:     4   Next: 45%
Magic:  6/6        EV: 13    Int: 20    God:    Qazlal [**....]
Gold:   30         SH:  2    Dex: 20    Spells: 3/3 levels left

rFire   . . .        a - +0 shortbow
rCold   . . .        (shield currently unavailable)
rNeg    . . .        c - +1 leather armour
rPois   .            (no helmet)
rElec   .            (no cloak)
rCorr   .            (no gloves)
SInv    .            (no boots)
Will    .....        (no amulet)
Stlth   ++           i - +6 ring of intelligence
HPRegen 0.24/turn    m - ring of flight
MPRegen 0.10/turn

%: no passive effects
@: flying
A: no striking features
a: Renounce Religion, Upheaval


You were on level 3 of the Dungeon.
You worshipped Qazlal.
Qazlal was pleased with you.
You visited 1 branch of the dungeon, and saw 3 of its levels.

You collected 125 gold pieces.
You spent 95 gold pieces at shops.

Inventory:

Hand Weapons
 a - a +0 shortbow (weapon)
 b - a +1 dagger of draining
 o - a +0 dagger of venom
Armour
 c - a +1 leather armour (worn)
Jewellery
 i - a +6 ring of intelligence (left hand)
 m - a ring of flight (right hand)
Scrolls
 j - a scroll of enchant armour
 n - a scroll of immolation
Potions
 d - 2 potions of curing
 e - a potion of brilliance
 f - a potion of haste
 k - a potion of flight {unknown}
 l - a potion of lignification {unknown}
 q - a potion of berserk rage {unknown}


   Skills:
 * Level 2.3 Fighting
 + Level 0.5 Short Blades
 * Level 6.1 Ranged Weapons
 * Level 3.5 Dodging
 - Level 2.5 Stealth


You had 3 spell levels left.
You didn't know any spells.
Your spell library contained the following spells:

 Spells                   Type           Power      Damage    Failure   Level
 Apportation              Tloc           0%         N/A       28%         1
 Necrotise                Necr           0%         1d4       28%         1
 Summon Small Mammal      Summ           0%         N/A       28%         1
 Inner Flame              Hex/Fire       0%         N/A       63%         3
 Flame Wave               Conj/Fire      0%         2d4       95%         4
 Sticky Flame             Conj/Fire      0%         2d3       95%         4


Dungeon Overview and Level Annotations

Branches:
Dungeon (3/15)

Altars:
Qazlal

Shops:
D:1 :[=[*


Message History

The iguana is severely wounded.
The iguana bites you but does no damage.
You barely miss the iguana.
The iguana is severely wounded.
The iguana bites you.
You closely miss the iguana.
The iguana is severely wounded.
The iguana bites you!
* * * LOW HITPOINT WARNING * * *
You hit the iguana but do no damage. You drain the iguana.
The iguana is almost dead.
The iguana barely misses you.
You hit the iguana.
You kill the iguana!
Qazlal accepts your kill.
Your Ranged Weapons skill increases to level 6!
a - a +0 shortbow (weapon)
A kobold comes into view. It is wielding a +0 short sword.
You are too injured to fight recklessly!
Fire: a) +0 shortbow
Press: ? - help, Q - select action, (/) - cycle Shift-Dir - straight line, f - kobold
Aim: a kobold, wielding a +0 short sword (60% to hit)
You shoot an arrow. The arrow hits the kobold!
You kill the kobold!
Qazlal accepts your kill.
You hear a shout!
An orc comes into view. It is wielding a +0 club.
You hear a shout!
You are too injured to fight recklessly!
Fire: a) +0 shortbow
Press: ? - help, Q - select action, (/) - cycle Shift-Dir - straight line, f - orc
Aim: an orc, wielding a +0 club (66% to hit)
You shoot an arrow. The arrow hits the orc!
You kill the orc!
Qazlal accepts your kill.
You hear a shout!
A centaur comes into view.
The centaur wields a +0 shortbow.
The centaur shoots an arrow.
The arrow hits you!
You die...

#.. .#.# #.# ... #.# ...
..# #.# #.###.###.##..##.#
.............# #.# #.##
#.# #..# #.# ##c#######.##
#####..).†.@....# ..#
.........######..######..#
######.#.# #..........#
...#.# ##.#######.#
#####.# #.# #.#
#.#######.#######.#
#..............##.##
#########..........#
######.##.)#


You could see a centaur.

Vanquished Creatures
  An iguana (D:3)
  An adder (D:2)
  3 orcs (D:3)
  3 ball pythons (D:1)
  4 bats (D:1)
  7 endoplasms
  3 giant cockroaches
  7 goblins
  7 hobgoblins
  5 kobolds
  3 quokkas (D:1)
  4 frilled lizards
  4 rats
52 creatures vanquished.

Notes
Turn   | Place    | Note
-------+----------+-------------------------------------------
     0 | D:1      | senseless the Deep Elf Hunter began the quest for the Orb.
     0 | D:1      | Reached XP level 1. HP: 12/12 MP: 3/3
   132 | D:1      | Reached XP level 2. HP: 4/17 MP: 4/4
   197 | D:1      | Found Faryd's Book Emporium.
   216 | D:1      | Found a faded altar of an unknown god.
   236 | D:1      | Prayed at the altar of an unknown god.
   236 | D:1      | Became a worshipper of Qazlal Stormbringer
   236 | D:1      | Reached * piety under Qazlal
   322 | D:1      | Found Nyahenk's Antique Armour Emporium.
   464 | D:1      | Found Kearuhou's Jewellery Shop.
   480 | D:1      | Reached XP level 3. HP: 21/21 MP: 5/5
   492 | D:1      | Found Gipnikla's Armour Shop.
   550 | D:1      | Found Dauc's Assorted Antiques.
  1120 | D:1      | Bought a notched steel ring for 95 gold pieces
  1179 | D:2      | Reached ** piety under Qazlal
  1630 | D:3      | Reached XP level 4. HP: 26/26 MP: 6/6
  1726 | D:3      | Reached skill level 6 in Ranged Weapons
  1743 | D:3      | Noticed a centaur
  1744 | D:3      | Shot with an arrow by a centaur

Illustrated notes

Levels and vault maps discovered:
D:1:      shiori_arrival_oz, layout_basic, serial_shops, shop, shop,
          nicolae_shop_peninsula, shop, nicolae_book_shop_shelving,
          hellmonk_ecumenical_altar_run_dry
D:2:      layout_basic, hangedman_decor_points
D:3:      layout_loops_ring, nicolae_overflow_hidden_temple,
          makhleb_altar_promises_db, serial_shops, shop,
          nicolae_concentric_dashed_squares_mild

Skill      XL: |  1  2  3  4 |
---------------+-------------+-----
Stealth        | 2 |  2.5
Fighting       | 2 |  2.3
Dodging        | 3 |  3.5
Ranged Weapons | 6 |  6.1
Short Blades   | |  0.5

Action                     |  1- 3 |  4- 6 || total
---------------------------+-------+-------++-------
  Melee: Dagger            |     1 |     7 ||     8
   Fire: Shortbow          |   106 |     8 ||   114
    Use: Scroll            |       |     6 ||     6
 Armour: Leather armour    |     7 |     2 ||     9
  Dodge: Dodged            |    13 |     6 ||    19
  Block: Other             |     2 |     1 ||     3

Table legend: (Time is in decaauts)
 A = Elapsed time spent in this place.
 B = Non-inter-level travel time spent in this place.
 C = Inter-level travel time spent in this place.
 D = Time resting spent in this place.
 E = Time spent auto-exploring this place.
 F = Levels seen in this place.
 G = Mean time per level.
                   A        B        C        D        E       F      G
               +--------+--------+--------+--------+--------+-----+--------+
         Total |   1774 |   1519 |    255 |      0 |   1230 |   3 |  591.3 |
       Dungeon |   1774 |   1519 |    255 |      0 |   1230 |   3 |  591.3 |
               +--------+--------+--------+--------+--------+-----+--------+

Top non-repeatable levels by time:
     D:1: 888 daAuts
     D:2: 692 daAuts
     D:3: 193 daAuts
